 Dungeon Sprint DCSS version 0.27.1-34-g3ba077fa99 (webtiles) character file.

Game seed: 706058831527051187

106 boopmooplesden the Covered (level 4, 0/45 HPs)
             Began as a Minotaur Fighter on Jan 9, 2022.
             Killed from afar by Sigmund (2 damage)
             ... with a puff of flame
             ... in the Dungeon (Sprint I: "Red Sonja").
             The game lasted 00:00:23 (329 turns).

boopmooplesden the Covered (Minotaur Fighter)        Turns: 329, Time: 00:00:23

Health: 0/45       AC:  7    Str: 21    XL:     4   Next: 55%
Magic:  3/3        EV:  8    Int:  5    God:
Gold:   54         SH:  0    Dex: 10    Spells: 3/3 levels left

rFire    . . .     SeeInvis .   a - +0 long sword
rCold    . . .     Faith    .   c - +0 kite shield
rNeg     . . .     Spirit   .   b - +0 scale mail
rPois    .         Reflect  .   (helmet restricted)
rElec    .         Harm     .   (no cloak)
rCorr    .         Rampage  .   (no gloves)
Will     .....     NoTele   +   (no boots)
Stlth    ..........             (no amulet)
HPRegen  0.15/turn              (no ring)
MPRegen  0.08/turn              (no ring)

@: confused
A: horns 2, retaliatory headbutt
a: no special abilities


You were in the Dungeon.
You visited 1 branch You collected 54 gold pieces.

Inventory:

Hand Weapons
 a - a +0 long sword (weapon)
Armour
 b - a +0 scale mail (worn)
 c - a +0 kite shield (worn)
Scrolls
 j - a scroll of blinking
Potions
 e - a potion of curing
 f - a potion of heal wounds
 g - a potion of haste
 h - 2 potions of magic
 i - a potion of berserk rage


   Skills:
 + Level 6.7 Fighting
 + Level 4.8 Long Blades
 + Level 7.2 Armour
 + Level 6.5 Shields


You had 3 spell levels left.
You didn't know any spells.
Your spell library was empty.

Dungeon Overview and Level Annotations

Branches:
Dungeon (1/1)

Altars:

Annotations:
D Sigmund


Innate Abilities, Weirdness & Mutations

You have a pair of horns on your head.
You reflexively headbutt those who attack you in melee.


Message History

Sigmund the Dreaded comes into view.
He is wielding a +2 vorpal scythe.
Sigmund shouts!
Sigmund gestures at you while chanting. The magic dart hits you!
Sigmund hits you from afar with a +2 vorpal scythe.
There is an open door here.
You completely miss Sigmund. Your headbutt misses Sigmund.
You block Sigmund's attack.
You hit Sigmund but do no damage. You headbutt Sigmund!
Sigmund is moderately wounded.
Sigmund hits you with a +2 vorpal scythe!
You barely miss Sigmund. You headbutt Sigmund.
Sigmund is heavily wounded.
You block Sigmund's attack.
You hit Sigmund.
Sigmund is heavily wounded.
Sigmund drinks a potion.
Sigmund flickers and vanishes!
Deactivating autopickup; reactivate with Ctrl-A.
You slash something!
You hear some strange, mumbled words.
Something tries to affect you, but you resist.
You barely miss something. Something hits you.
* * * LOW HITPOINT WARNING * * *
x2 You completely miss something.
You hear some strange, mumbled words.
Something tries to affect you, but you resist.
You hit something. Your headbutt misses something.
You hear some strange, mumbled words.
Something tries to affect you, but you resist.
You hear some strange, mumbled words.
You are confused.
You miss something. Something hits you.
* * * LOW HITPOINT WARNING * * *
x2 You bump into the stone wall.
You bump into the stone wall.
Something hits you.
* * * LOW HITPOINT WARNING * * *
x2 You hear some strange, mumbled words.
A puff of flame appears from out of thin air!
The puff of flame hits you.
You die...

#############
#<.#..').#.{+
#..').#..@..#
#..#####'####
#..# #..#
#..# ####
#..# #⌠⌠#
####


There were no monsters in sight!

Vanquished Creatures
  An ogre (D)
  Ijyb (D)
2 creatures vanquished.

Notes
Turn   | Place    | Note
-------+----------+-------------------------------------------
     0 | D        | boopmooplesden the Minotaur Fighter began the quest for the
                  | Orb.
     0 | D        | Reached XP level 1. HP: 19/19 MP: 0/0
     1 | D        | Noticed Ijyb
    13 | D        | Killed Ijyb
    14 | D        | Reached skill level 5 in Fighting
    14 | D        | Reached skill level 5 in Armour
    14 | D        | Reached skill level 5 in Shields
    14 | D        | Reached XP level 2. HP: 13/29 MP: 1/1
   183 | D        | Noticed an ogre
   185 | D        | Killed an ogre
   186 | D        | Reached skill level 7 in Armour
   186 | D        | Reached XP level 3. HP: 21/38 MP: 2/2
   186 | D        | Reached XP level 4. HP: 25/45 MP: 3/3
   315 | D        | Noticed Sigmund
   328 | D        | HP: 2/45 [something (2)]
   329 | D        | Killed from afar by Sigmund

Illustrated notes

Levels and vault maps discovered:
D:        dungeon_sprint_1 [red_sonja_temple_1, red_sonja_temple_small_1]

Skill      XL: |  1  2 |
---------------+-------+-----
Fighting       | 5 6 |  6.7
Long Blades    | 3 4 |  4.8
Armour         | 5 7 |  7.2
Shields        | 5 6 |  6.5

Action                   |  1- 3 |  4- 6 || total
-------------------------+-------+-------++-------
Melee: Long sword        |    13 |     9 ||    22
       Headbutt          |     3 |     2 ||     5
  Use: Potion            |     1 |       ||     1
Armor: Scale mail        |     6 |       ||     6
Dodge: Dodged            |     1 |       ||     1
Block: Kite shield       |     3 |     2 ||     5
       Rpst.: Long sword |     1 |       ||     1
